 Dungeon Crawl Stone Soup version 0.22-a0-247-gbddf880 (webtiles) character file.

13279 varam the Covert (level 11, -13/56 HPs)
             Began as a Spriggan Enchanter on Feb 24, 2018.
             Was an Initiate of Gozag.
             Mangled by a slime creature (18 damage)
             ... on level 11 of the Dungeon.
             The game lasted 00:40:38 (13545 turns).

varam the Covert (Spriggan Enchanter)              Turns: 13545, Time: 00:40:39

Health: -13/56     AC:  4    Str:  5    XL:     11   Next: 73%
Magic:  15/21      EV: 30    Int: 18    God:    Gozag
Gold:   2769       SH:  5    Dex: 21    Spells: 16/22 levels left

rFire    + + .     SeeInvis +   a - +5 short sword of Igguymna {pierce, rElec rN+ Dex+3}
rCold    x . .     Gourm    .   (shield restricted)
rNeg     + . .     Faith    .   G - +1 robe {rF+}
rPois    .         Spirit   .   (helmet restricted)
rElec    +         Reflect  +   p - +0 cloak (curse)
rCorr    .         Harm     .   (gloves unavailable)
MR       +....                  (boots unavailable)
Stlth    +++++++...             u - +5 amulet of reflection
HPRegen  0.18/turn              F - ring of fire
MPRegen  0.17/turn              k - ring of stealth

@: very quick
A: very small, unfitting armour, see invisible, herbivore, speed 3, slow
metabolism 2
a: Potion Petition, Call Merchant, Bribe Branch, Renounce Religion


You were on level 11 of the Dungeon.
You worshipped Gozag.
Gozag was most pleased with you.
You were not hungry.

You visited 2 branches of the dungeon, and saw 13 of its levels.
You also visited: Sewer and Bailey.

You collected 3001 gold pieces.
You spent 184 gold pieces at shops.
You paid 48 gold pieces to Gozag.

Inventory:

Hand Weapons
 a - the +5 short sword of Igguymna (weapon) {pierce, rElec rN+ Dex+3}
   (You bought it in a shop on level 4 of the Dungeon)

   It inflicts extra damage upon your enemies.
   It affects your dexterity (+3).
   It insulates you from electricity.
   It protects you from negative energy.
 w - a +2 short sword of venom
 x - a +2 dagger of venom
 C - a +1 dagger of speed
Missiles
 s - 2 throwing nets (quivered)
Armour
 p - a cursed +0 cloak (worn)
 G - a +1 robe of fire resistance (worn)
Jewellery
 k - a ring of stealth (right hand)
 u - a +5 amulet of reflection (around neck)
 F - a ring of fire (left hand)
 I - an uncursed ring of magical power {unknown}
 J - a cursed ring of loudness {unknown}
 S - an uncursed ring of protection from magic {unknown}
Wands
 b - a wand of random effects (39)
 h - a wand of disintegration (17)
 m - a wand of flame (17)
 H - a wand of digging (16)
Scrolls
 f - 2 scrolls of amnesia {unknown}
 j - 2 scrolls of blinking {unknown}
 l - 3 scrolls of immolation {unknown}
 n - 2 scrolls of enchant weapon {unknown}
 o - 13 scrolls of teleportation
 q - 5 scrolls of remove curse {unknown}
 r - 3 scrolls of enchant armour {unknown}
 v - 10 scrolls of identify {unknown}
 z - a scroll of fog {unknown}
 A - 4 scrolls of magic mapping {unknown}
 E - a scroll of fear {unknown}
 L - a scroll of acquirement {unknown}
 Q - a scroll of noise {unknown}
 R - a scroll of brand weapon {unknown}
Potions
 d - a potion of brilliance
 e - 3 potions of cancellation
 g - 4 potions of heal wounds {unknown}
 i - 3 potions of mutation {unknown}
 t - 6 potions of curing
 y - a potion of degeneration {unknown}
 B - 3 potions of magic {unknown}
 D - a potion of lignification {unknown}
 K - a potion of might
 M - a potion of berserk rage
 N - a potion of ambrosia {unknown}
 O - 2 potions of flight {unknown}
 P - 2 potions of resistance {unknown}
Comestibles
 c - 13 rations


   Skills:
 - Level 6.0 Fighting
 + Level 10.1 Short Blades
 * Level 12.0 Dodging
 + Level 13.3 Stealth
 - Level 6.3 Spellcasting
 - Level 10.0 Hexes


You had 16 spell levels left.
You knew the following spells:

 Your Spells              Type           Power        Failure   Level  Hunger
a - Corona                Hex            #####..      1%          1    None
b - Ensorcelled Hibernat  Hex/Ice        ###...       2%          2    None
c - Confuse               Hex            #####...     1%          3    ##.....


Dungeon Overview and Level Annotations

Branches:
Dungeon (12/15)            Temple (1/1) D:4            Lair (0/6) D:11
    Orc (0/2) D:10

Altars:
Ashenzari
Cheibriados
Dithmenos
Elyvilon
Fedhas
Gozag
Hepliaklqana
Kikubaaqudgha
Makhleb
Nemelex Xobeh
Okawaru
Qazlal
Ru
Sif Muna
Trog
Uskayaw
Vehumet
Wu Jian
Xom
Yredelemnul
Zin
The Shining One
Beogh

Shops:
D:4 (


Innate Abilities, Weirdness & Mutations

You are very small and have problems with some larger weapons.
You are too small for most types of armour.
You have supernaturally acute eyesight. (SInv)
You are a herbivore.
You cover ground extremely quickly.
You need consume almost no food.


Message History

Confirm with . or Enter, or press ? or * to list all spells.
Aiming: Confuse (safe; 1% risk of failure)
Press: ? - help, Shift-Dir - straight line, f - slime creature
Aim: a slime creature (chance to defeat MR: 50%)
The slime creature resists with some effort.
The slime creature completely misses you.
Two slime creatures merge to form a large slime creature.
The slime creature completely misses you.
Casting: Confuse (safe; 1% risk of failure)
Confirm with . or Enter, or press ? or * to list all spells.
Aiming: Confuse (safe; 1% risk of failure)
Press: ? - help, Shift-Dir - straight line, f - large slime creature, p - slime creature
Aim: a large slime creature (chance to defeat MR: 50%)
The large slime creature resists with some effort.
The slime creature closely misses you. The large slime creature hits you!!!
Ouch! That really hurt!
* * * LOW HITPOINT WARNING * * *
The slime creature hits you!!
You die...
Your body crumbles into a pile of gold.

.....≈≈≈≈≈≈≈.....#
....≈≈≈≈≈≈≈≈.....#
...≈≈≈≈≈≈≈≈≈..)..#
....≈≈≈≈≈≈≈≈...#.#
.....≈≈≈≈≈≈≈.....#
......≈≈≈≈≈..##..#
.......≈≈≈..###..#
........≈..####JJ#
##.....^.......J@#
#################


You could see a large slime creature and 2 slime creatures.

Vanquished Creatures
  Erica (D:8)
  5 two-headed ogres
  The ghost of KristoblXynda the Grappler, a novice DrMo of Hepliaklqana (D:8)
  Pikel (D:5)
  The ghost of Amnesiac the Destroyer, a novice DEIE of Vehumet (D:7)
  A gargoyle (D:10)
  Joseph (D:9)
  A troll (D:10)
  A slime creature (D:11)
  A hippogriff (D:9)
  The ghost of Gorglomux the Skirmisher, an amateur MiEE (D:3)
  A water elemental (D:11)
  A hungry ghost (D:12)
  2 wargs (D:11)
  4 slaves (D:5)
  3 ice beasts
  A hornet zombie (D:6)
  6 orc warriors
  A phantom (D:8)
  A black bear (D:8)
  An eye of draining (D:5)
  6 ogres
  2 sky beasts
  3 necrophages
  2 centaurs (D:8)
  5 big kobolds
  7 bullfrogs
  13 killer bees
  6 wights
  10 electric eels (D:11)
  A howler monkey (D:6)
  4 crimson imps
  3 bullfrog zombies
  5 hounds
  3 jellies (D:9)
  16 orc wizards
  2 quasits
  Crazy Yiuf (D:2)
  9 orc priests
  4 iguanas
  A bullfrog skeleton (D:9)
  8 worker ants
  A hound zombie (D:11)
  2 hound skeletons
  3 howler monkey zombies
  2 worker ant zombies
  18 gnolls
  11 adders
  2 river rats (Sewer)
  2 shadow imps
  An ooze (D:1)
  4 worms
  A dart slug (D:2)
  7 leopard geckos
  35 orcs
  2 ball pythons (Sewer)
  6 giant cockroaches
  4 goblins
  19 hobgoblins
  9 jackals
  51 kobolds
  4 quokkas
  6 bats
  7 frilled lizards
  A jackal skeleton (D:6)
  A leopard gecko skeleton (D:6)
  15 rats
361 creatures vanquished.

Vanquished Creatures (collateral kills)
  A killer bee (D:8)
1 creature vanquished.

Vanquished Creatures (others)
  An orc (D:7)
1 creature vanquished.

Grand Total: 363 creatures vanquished

Notes
Turn   | Place    | Note
-------+----------+-------------------------------------------
     0 | D:1      | varam the Spriggan Enchanter began the quest for the Orb.
     0 | D:1      | Reached XP level 1. HP: 9/9 MP: 5/5
   200 | D:1      | Reached skill level 5 in Stealth
   200 | D:1      | Reached XP level 2. HP: 12/13 MP: 6/6
   300 | D:1      | Reached skill level 2 in Short Blades
   426 | D:1      | Learned a level 2 spell: Ensorcelled Hibernation
   744 | D:2      | Reached XP level 3. HP: 9/16 MP: 2/8
  1434 | D:2      | Learned a level 3 spell: Confuse
  1524 | D:2      | Found a runed door.
  1528 | D:2      | Noticed Crazy Yiuf
  1532 | D:2      | Killed Crazy Yiuf
  1532 | D:2      | Reached skill level 3 in Short Blades
  1532 | D:2      | Reached skill level 6 in Stealth
  1532 | D:2      | Reached XP level 4. HP: 21/21 MP: 9/9
  1621 | D:2      | Found a radiant altar of Vehumet.
  1764 | D:4      | Found a staircase to the Ecumenical Temple.
  1775 | Temple   | Entered the Ecumenical Temple
  1829 | Temple   | Became a worshipper of Gozag Ym Sagoz the Greedy
  1864 | D:4      | Found a sparkling altar of Nemelex Xobeh.
  1951 | D:4      | Found a glowing drain.
  2104 | Sewer    | Entered a sewer
  2254 | Sewer    | Reached skill level 7 in Stealth
  2254 | Sewer    | Reached XP level 5. HP: 16/24 MP: 10/10
  2618 | D:4      | Reached skill level 4 in Short Blades
  2627 | D:4      | HP: 3/36 [poisoned by an adder]
  2832 | D:4      | Found Tyhoddac's Antique Weapon Emporium.
  2910 | D:5      | Entered Level 5 of the Dungeon
  3182 | D:5      | Found a blossoming altar of Fedhas.
  3182 | D:5      | Noticed an eye of draining
  3207 | D:6      | Reached skill level 8 in Stealth
  3207 | D:6      | Reached XP level 6. HP: 23/28 MP: 1/11
  3908 | D:5      | Reached skill level 4 in Hexes
  3958 | D:5      | Noticed a slave
  3959 | D:5      | Noticed Pikel
  3959 | D:5      | Noticed a slave
  3959 | D:5      | Noticed a slave
  3959 | D:5      | Noticed a sky beast
  4049 | D:5      | Reached skill level 3 in Spellcasting
  4160 | D:5      | Reached skill level 5 in Hexes
  4273 | D:5      | Reached XP level 7. HP: 32/32 MP: 13/13
  4491 | D:5      | Reached skill level 4 in Spellcasting
  4497 | D:5      | Reached skill level 6 in Hexes
  4782 | D:4      | Bought a transparent short sword for 184 gold pieces
  4782 | D:4      | Identified the +5 short sword of Igguymna {pierce, rElec rN+ Dex+3} (You bought it in a shop on level 4 of the Dungeon)
  4857 | D:5      | Reached skill level 5 in Spellcasting
  4857 | D:5      | Reached skill level 7 in Hexes
  4963 | D:5      | Killed Pikel
  4963 | D:5      | Reached skill level 6 in Spellcasting
  4963 | D:5      | Reached skill level 8 in Hexes
  4963 | D:5      | Reached XP level 8. HP: 21/36 MP: 4/18
  5101 | D:5      | Reached skill level 9 in Hexes
  5484 | D:3      | Noticed Gorglomux's ghost (amateur MiEE)
  5502 | D:3      | Killed Gorglomux's ghost
  5502 | D:3      | Reached skill level 1 in Fighting
  5502 | D:3      | Reached skill level 4 in Dodging
  6296 | D:6      | Reached skill level 2 in Fighting
  6296 | D:6      | Reached skill level 5 in Dodging
  6737 | D:6      | Found an iron altar of Okawaru.
  6741 | D:6      | Reached skill level 6 in Dodging
  6757 | D:6      | Reached skill level 3 in Fighting
  6757 | D:6      | Reached XP level 9. HP: 35/44 MP: 12/19
  7050 | D:6      | Reached skill level 7 in Dodging
  7495 | D:7      | Noticed Amnesiac's ghost (novice DEIE)
  7764 | D:7      | Killed Amnesiac's ghost
  7764 | D:7      | Reached skill level 4 in Fighting
  7764 | D:7      | Reached skill level 8 in Dodging
  7865 | D:7      | Reached skill level 9 in Dodging
  7905 | D:7      | Reached skill level 5 in Fighting
  8128 | D:7      | Found a shadowy altar of Dithmenos.
  8383 | D:7      | Found an ornate altar of the Wu Jian Council.
  8456 | D:7      | Reached skill level 10 in Dodging
  8554 | D:7      | Found a glowing golden altar of the Shining One.
  8757 | D:8      | Reached skill level 5 in Short Blades
  8811 | D:8      | Reached XP level 10. HP: 51/51 MP: 6/20
  8842 | D:8      | Reached skill level 9 in Stealth
  8843 | D:8      | Noticed KristoblXynda's ghost (novice DrMo)
  8971 | D:8      | Killed KristoblXynda's ghost
  8971 | D:8      | Reached skill level 6 in Short Blades
  8971 | D:8      | Reached skill level 10 in Stealth
  9056 | D:8      | Noticed Erica
  9062 | D:8      | Killed Erica
  9062 | D:8      | Reached skill level 7 in Short Blades
  9304 | D:8      | Reached skill level 11 in Stealth
  9553 | D:9      | Noticed a two-headed ogre
  9565 | D:9      | Killed a two-headed ogre
  9852 | D:9      | Noticed a two-headed ogre
  9854 | D:9      | Killed a two-headed ogre
  9854 | D:9      | Reached skill level 8 in Short Blades
  9854 | D:9      | Reached skill level 12 in Stealth
  9881 | D:9      | Found a glowing golden altar of the Shining One.
  9968 | D:9      | Found a flagged portal.
 10033 | D:9      | Noticed a lindwurm
 10047 | Bailey   | Entered a bailey
 10536 | D:9      | Noticed Joseph
 10556 | D:9      | Killed Joseph
 10566 | D:9      | Reached XP level 11. HP: 35/56 MP: 16/21
 10582 | D:9      | Found an ancient bone altar of Kikubaaqudgha.
 10719 | D:9      | Found a glowing silver altar of Zin.
 10761 | D:9      | Reached skill level 6 in Fighting
 10828 | D:9      | Noticed a two-headed ogre
 10835 | D:9      | Killed a two-headed ogre
 10835 | D:9      | Reached skill level 9 in Short Blades
 10868 | D:9      | Noticed a lindwurm
 10895 | D:9      | Noticed a lindwurm
 10930 | D:10     | Entered Level 10 of the Dungeon
 10951 | D:10     | Found a staircase to the Orcish Mines.
 10990 | D:10     | Noticed a two-headed ogre
 11009 | D:10     | Killed a two-headed ogre
 11009 | D:10     | Reached skill level 10 in Hexes
 11412 | D:10     | Found a roughly hewn altar of Beogh.
 11573 | D:10     | Noticed a two-headed ogre
 11615 | D:10     | Killed a two-headed ogre
 12211 | D:10     | Reached skill level 11 in Dodging
 12413 | D:11     | Reached skill level 13 in Stealth
 12516 | D:11     | Found a staircase to the Lair.
 12622 | D:11     | Reached skill level 10 in Short Blades
 13431 | D:11     | Reached skill level 12 in Dodging
 13545 | D:11     | HP: 5/56 [large slime creature (40)]
 13545 | D:11     | Mangled by a slime creature

Vault maps used:
D:1:      mrwooster_arrival_statue_3
D:2:      lemuel_round_altar, minmay_tetromino_o2, uniq_crazy_yiuf_cottage
D:4:      nemelex_altar_shiori, minmay_temple_entry_grid, first_ration,
          portal_sewer_entry_f, serial_shops, nicolae_shop_behind_doors
D:5:      minmay_goblin_kobold_castle, basic_altar, grunt_ministairs_4,
          uniq_pikel
D:6:      hangedman_cross_stitches, okawaru_ov_weapons_minmay
D:7:      nicolae_dithmenos_the_darkroom, overflow_temple_1_default,
          basic_altar, grunt_ogre_cave, glass_columns_a
D:8:      uniq_erica
D:9:      old_standard_altar, kennysheep_mini, enter_bailey_2, basic_altar,
          serial_park_tiny_1, minmay_misc_feat_ornament, minmay_lindwurm_lava,
          uniq_joseph
D:10:     minmay_orc_entry_temple_small
D:11:     erik_lair_orcish_takeover, small_statue_intersection
Temple:   compressed_dpeg_circular_temple
Sewer:    sewer_minmay_w
Bailey:   bailey_axe_2, bailey

Skill      XL: |  1  2  3  4  5  6  7  8  9 10 11 |
---------------+----------------------------------+-----
Stealth        | 5 6 7 8 12 13 | 13.3
Short Blades   | 2 3 4 5 8 10 | 10.1
Hexes          | 5 8 9 10 | 10.0
Spellcasting   | 3 6 |  6.3
Fighting       | 3 5 6 |  6.0
Dodging        | 6 10 12 | 12.0

Action                   |  1- 3 |  4- 6 |  7- 9 | 10-12 || total
-------------------------+-------+-------+-------+-------++-------
Melee: Dagger            |    81 |   184 |   100 |       ||   365
       Short sword       |       |       |   344 |   534 ||   878
 Cast: Ensorcelled Hiber |     4 |     1 |     1 |       ||     6
       Corona            |     2 |     4 |     3 |       ||     9
       Confuse           |       |    16 |    75 |   102 ||   193
Invok: Potion Petition   |       |     1 |       |       ||     1
  Use: Potion            |       |     5 |       |       ||     5
       Scroll            |       |     1 |       |       ||     1
 Stab: Sleeping          |    17 |     4 |    21 |    23 ||    65
       Distracted        |       |     1 |     2 |     5 ||     8
       Confused          |       |       |    31 |    45 ||    76
  Eat: Ration            |       |     1 |     4 |     6 ||    11
Armor: Robe              |     4 |    13 |    20 |    18 ||    55
Dodge: Dodged            |    47 |   125 |   267 |   311 ||   750
Block: Other             |       |       |    13 |    84 ||    97
       Reflection        |       |       |       |     8 ||     8

Table legend:
 A = Spawn XP
 B = Non-spawn XP
 C = Spawn XP percentage of total XP
 D = Spawn monster count
 E = Non-spawn monster count
 F = Spawn count percentage of total count
 G = Total turns spent on level
                    A         B        C        D         E        F      G
               +---------+---------+-------+---------+---------+-------+---------
         Total |       0 |   18970 |   0.0 |       0 |     358 |   0.0 | 13545
               +---------+---------+-------+---------+---------+-------+---------
           D:1 |       0 |      34 |   0.0 |       0 |      18 |   0.0 |   937
           D:2 |       0 |     100 |   0.0 |       0 |      15 |   0.0 |   727
           D:3 |       0 |     282 |   0.0 |       0 |      19 |   0.0 |   903
           D:4 |       0 |      65 |   0.0 |       0 |       9 |   0.0 |   796
           D:5 |       0 |    1752 |   0.0 |       0 |      60 |   0.0 |  2293
           D:6 |       0 |     950 |   0.0 |       0 |      21 |   0.0 |  1388
           D:7 |       0 |    1848 |   0.0 |       0 |      41 |   0.0 |  1089
           D:8 |       0 |    2998 |   0.0 |       0 |      28 |   0.0 |  1074
           D:9 |       0 |    4315 |   0.0 |       0 |      24 |   0.0 |  1010
          D:10 |       0 |    3695 |   0.0 |       0 |      38 |   0.0 |  1019
          D:11 |       0 |    2265 |   0.0 |       0 |      32 |   0.0 |  1181
          D:12 |       0 |     297 |   0.0 |       0 |       3 |   0.0 |    93
         Sewer |       0 |      42 |   0.0 |       0 |      16 |   0.0 |   513
        Bailey |       0 |     327 |   0.0 |       0 |      34 |   0.0 |   453
               +---------+---------+-------+---------+---------+-------+---------
